 Dungeon Crawl Stone Soup version 0.24-a0-355-gbe4061de67 (webtiles) character file.

Game seed: 17651168662822687154

25113 theanonym the Bludgeoner (level 12, -2/103 HPs)
             Began as a Minotaur Chaos Knight on May 24, 2019.
             Was a Plaything of Xom.
             Slain by a death yak (10 damage)
             ... on level 3 of the Lair of Beasts.
             The game lasted 00:21:22 (14000 turns).

theanonym the Bludgeoner (Minotaur Chaos Knight)   Turns: 14000, Time: 00:21:22

Health: -2/103     AC: 24    Str: 20    XL:     12   Next: 86%
Magic:  11/11      EV: 16    Int: 10    God:    Xom [*.....]
Gold:   386        SH:  0    Dex: 16    Spells: 11/11 levels left

rFire    + . .     SeeInvis .   b - +6 dire flail of Ucraob {chaos, rN+}
rCold    . . .     Gourm    .   (shield currently unavailable)
rNeg     + . .     Faith    .   p - +0 plate armour
rPois    +         Spirit   .   (helmet unavailable)
rElec    .         Reflect  .   o - +2 cloak {rPois}
rCorr    .         Harm     .   D - +0 pair of gloves
MR       .....                  (no boots)
Stlth    ..........             (no amulet)
HPRegen  0.27/turn              F - ring of poison resistance
MPRegen  0.12/turn              (no ring)

@: agile, about to teleport
A: retaliatory headbutt, claws 1, horns 3, iridescent scales 1, molten scales 1,
blink, deterioration 1, fire resistance 1, frail 1, wild magic 1, evolution 1
a: Blink, Renounce Religion


Innate Abilities, Weirdness & Mutations

You reflexively headbutt those who attack you in melee.
You have a pair of large horns on your head.
You have sharp fingernails.
You are partially covered in iridescent scales. (AC +2)
You are partially covered in molten scales. (AC +2)
You can translocate small distances at will.
Your body sometimes deteriorates upon taking damage.
Your flesh is heat resistant. (rF+)
You are frail. (-10% HP)
Your spells are a little harder to cast, but a little more powerful.
You evolve.


   Skills:
 + Level 13.3 Fighting
 - Level 16.0 Maces & Flails
 + Level 12.5 Armour
 + Level 8.3 Dodging


You had 11 spell levels left.
You didn't know any spells.
Your spell library was empty.

Skill      XL: |  1  2  3  4  5  6  7  8  9 10 11 12 |
---------------+-------------------------------------+-----
Maces & Flails | 4 5 6 7 8 9 11 12 14 15 16 | 16.0
Fighting       | 4 5 6 8 9 10 12 13 | 13.3
Armour         | 3 4 6 8 9 11 12 | 12.5
Dodging        | 2 6 8 |  8.3

Action                   |  1- 3 |  4- 6 |  7- 9 | 10-12 || total
-------------------------+-------+-------+-------+-------++-------
Melee: Mace              |    72 |   140 |       |       ||   212
       Headbutt          |     8 |    22 |    41 |    86 ||   157
       Flail             |       |     3 |    93 |       ||    96
       Dire flail        |       |       |   310 |   470 ||   780
       Kick              |       |       |    30 |    44 ||    74
 Abil: Blink             |       |       |       |     1 ||     1
Evoke: Wand              |       |       |     1 |     7 ||     8
  Use: Scroll            |     2 |     1 |    13 |     7 ||    23
       Potion            |       |     4 |     1 |     6 ||    11
 Stab: Petrifying        |       |       |     1 |       ||     1
       Invisible         |       |       |       |     6 ||     6
       Paralysed         |       |       |       |     5 ||     5
       Confused          |       |       |       |     1 ||     1
  Eat: Chunk             |       |     4 |    15 |    12 ||    31
       Ration            |       |       |     1 |     2 ||     3
Armor: Ring mail         |    20 |       |       |       ||    20
       Leather armour    |     2 |       |       |       ||     2
       Scale mail        |    23 |    15 |       |       ||    38
       Chain mail        |       |    84 |       |       ||    84
       Plate armour      |       |    10 |   254 |   261 ||   525
Dodge: Dodged            |    45 |    60 |    95 |   133 ||   333

Inventory:

Hand Weapons
 b - the +6 dire flail of Ucraob (weapon) {chaos, rN+} Each time it hits an enemy it has a different, random effect. It protects you from negative energy.
 u - a +0 morningstar
Missiles
 z - a throwing net (quivered)
Armour
 m - a +0 buckler
 o - a +2 cloak of poison resistance (worn)
 p - a +0 plate armour (worn)
 D - a +0 pair of gloves (worn)
Jewellery
 g - an uncursed ring of fire
 F - a ring of poison resistance (left hand)
Wands
 c - a wand of iceblast (4)
 d - a wand of paralysis (18)
 h - a wand of scattershot (6)
 l - a wand of disintegration (10)
 v - a wand of acid (11)
 C - a wand of flame (2)
Scrolls
 f - a scroll of fog
 n - 6 scrolls of remove curse
 r - 2 scrolls of identify
 s - 2 scrolls of enchant weapon
 t - 3 scrolls of teleportation {!r}
 x - 2 scrolls of fear
 y - 3 scrolls of immolation
 B - a scroll of blinking
 E - a scroll of vulnerability
Potions
 a - 2 potions of lignification
 i - a potion of brilliance
 k - 2 potions of cancellation
 q - 3 potions of heal wounds
 w - 9 potions of curing
 A - 2 potions of mutation
Comestibles
 e - 21 rations


You were on level 3 of the Lair of Beasts.
You worshipped Xom.
You were a special plaything of Xom.
You were not hungry.

You visited 2 branches of the dungeon, and saw 14 of its levels.

You collected 663 gold pieces.
You spent 277 gold pieces at shops.

Dungeon Overview and Level Annotations

Branches:
Dungeon (11/15)            Temple (0/1) D:5            Lair (3/6) D:8
  Swamp: Lair:2-4    Shoals: Lair:2-4     Snake: Lair:2-4    Spider: Lair:2-4
    Orc: D:9-12

Altars:
Ashenzari
Elyvilon
Fedhas
Gozag
Kikubaaqudgha
Nemelex Xobeh
Qazlal
Ru
Sif Muna
Trog
Xom
Yredelemnul
Zin
The Shining One

Shops:
D:8 *(

Annotations:
D:9 2 transporters

#.......#....##.....
#.#.....##....'....# #.
###....###...##..... P..
#.....###..###....#
#PP.########.....P##### #....#
#.P.P#.#..#.#.....#######.....
#...............#.##.##......
##............................
#............@.............≈≈≈
#......................≈≈≈≈≈≈
#...........§........≈≈≈≈≈≈≈≈
#...................≈≈≈≈≈≈≈≈≈
#.###..P.###.......≈≈≈≈≈§≈≈≈.
#.##P..P.###.......≈≈≈≈≈≈≈≈..
#.#....>..#.......≈≈≈≈≈§≈≈≈..
##.........#.......≈≈≈≈≈≈≈≈≈(Z
#..................≈≈≈≈


There were no monsters in sight!

Notes
Turn   | Place    | Note
-------+----------+-------------------------------------------
     0 | D:1      | theanonym the Minotaur Chaos Knight began the quest for the
                  | Orb.
     0 | D:1      | Reached XP level 1. HP: 19/19 MP: 0/0
    10 | D:1      | XOM: potion effect (might)
    67 | D:1      | Reached skill level 4 in Maces & Flails
   107 | D:1      | Reached XP level 2. HP: 26/27 MP: 1/1
   122 | D:1      | XOM: harmless Ice miscast
   171 | D:1      | Reached skill level 4 in Fighting
   272 | D:1      | XOM: cast spell 'Summon Ice Beast'
   438 | D:1      | Reached XP level 3. HP: 33/33 MP: 2/2
   505 | D:1      | XOM: god gift: 23 gold pieces
   519 | D:1      | XOM is BORED!
   653 | D:2      | XOM: noise
   693 | D:2      | XOM: silly message
   701 | D:2      | Reached skill level 5 in Maces & Flails
   701 | D:2      | Reached XP level 4. HP: 36/41 MP: 3/3
  1100 | D:3      | XOM: stealth player
  1166 | D:3      | Reached skill level 6 in Maces & Flails
  1182 | D:3      | Reached XP level 5. HP: 40/47 MP: 4/4
  1249 | D:3      | Reached skill level 5 in Fighting
  1513 | D:3      | XOM: 2-stop teleportation journey
  1519 | D:3      | Found a bloodstained altar of Trog.
  1557 | D:3      | Found a shattered altar of Ashenzari.
  1783 | D:3      | Found a glowing golden altar of the Shining One.
  1852 | D:3      | XOM: smoke on damage
  1859 | D:3      | XOM: confusion
  1862 | D:3      | HP: 24/48 [scorpion (1)]
  1864 | D:3      | XOM: noise
  1867 | D:3      | Reached skill level 7 in Maces & Flails
  1867 | D:3      | Reached XP level 6. HP: 37/56 MP: 5/5
  1979 | D:3      | theanonym: !lg * cv=0.24-a
  1979 | D:3      | beem: 178408. BrocoLee the Chopper (L9 GnCK of Qazlal),
                  | blasted by an orc wizard (magic dart) on D:5 on 2019-05-24
                  | 19:27:55, with 2251 points after 6356 turns and 0:16:41.
  1979 | D:3      | theanonym: !lg * cv=0.24-a|0.23
  1979 | D:3      | beem: 429341. Doesnt the Ogre Mage (L7 OgAE of Sif Muna),
                  | slain by a wyvern zombie on D:5 on 2019-05-24 19:28:18,
                  | with 639 points after 5524 turns and 0:21:06.
  1979 | D:3      | theanonym: !lg * cv=0.24-a|0.23|0.22|0.21 urune=15 s=god
                  | /graph
  1979 | D:3      | beem: No keyword 'graph'
  1979 | D:3      | theanonym: !lg * cv=0.24-a|0.23|0.22|0.21 urune=15 s=god
                  | -graph
  1979 | D:3      | beem: 2393 games for * (cv=0.24-a|0.23|0.22|0.21 urune=15):
                  | https://shalott.org/graphs/0f95bca9510d6858ae7f6aacd298bad5
                  | 5db96474.html
  2148 | D:4      | XOM: 1-stop teleportation journey
  2157 | D:4      | XOM: 2-stop teleportation journey
  2197 | D:4      | Found a blossoming altar of Fedhas.
  2197 | D:4      | Found a sparkling altar of Nemelex Xobeh.
  2197 | D:4      | XOM: 5-stop teleportation journey
  2217 | D:4      | Noticed Menkaure
  2224 | D:4      | Killed Menkaure
  2224 | D:4      | Reached skill level 6 in Fighting
  2224 | D:4      | Reached skill level 8 in Maces & Flails
  2224 | D:4      | Reached skill level 3 in Armour
  2224 | D:4      | Reached XP level 7. HP: 44/63 MP: 6/6
  2295 | D:4      | XOM: summons 2 hostile demons
  2442 | D:4      | HP: 20/63 [orc priest/divine providence (14)]
  2473 | D:4      | XOM: harmless Erth miscast
  2554 | D:4      | XOM: noise
  2835 | D:4      | Found an opulent altar of Gozag.
  2891 | D:4      | XOM: harmless Ice miscast
  2908 | D:4      | Noticed Blork the orc
  2921 | D:4      | Killed Blork the orc
  3165 | D:4      | Noticed Dowan
  3194 | D:4      | XOM: harmless Chrm miscast
  3207 | D:4      | Noticed Dowan
  3207 | D:4      | Dowan changed into Dowan the scorpion
  3207 | D:4      | XOM: polymorph Dowan -> Dowan the scorpion
  3211 | D:4      | XOM: summons 3 hostile demons
  3212 | D:4      | Noticed a smoke demon
  3212 | D:4      | Noticed a sun demon
  3234 | D:4      | XOM: medium Fire miscast
  3234 | D:4      | HP: 13/64 [something (21)]
  3235 | D:4      | XOM: confusion (+ monsters)
  3248 | D:5      | Entered Level 5 of the Dungeon
  3251 | D:5      | HP: 19/64 [scorpion (3)]
  3257 | D:5      | HP: 12/64 [poisoned by a scorpion]
  3261 | D:5      | Reached skill level 4 in Armour
  3263 | D:5      | HP: 8/64 [poisoned by a scorpion]
  3271 | D:5      | HP: 8/64 [poisoned by a scorpion]
  3401 | D:5      | XOM: give mutation
  3401 | D:5      | Gained mutation: You can translocate small distances at
                  | will. [Xom's grace]
  3571 | D:4      | Killed Dowan the scorpion
  3571 | D:4      | Reached skill level 9 in Maces & Flails
  3812 | D:4      | Found a sacrificial altar of Ru.
  3908 | D:4      | XOM: mild Air miscast
  3956 | D:4      | XOM: scenery: create altars
  4012 | D:5      | Noticed a fire bat
  4012 | D:5      | an ice beast changed into a fire bat
  4012 | D:5      | XOM: polymorph ice beast -> fire bat
  4022 | D:5      | Killed a fire bat
  4028 | D:5      | XOM: confuse monster(s)
  4041 | D:5      | Reached XP level 8. HP: 56/71 MP: 7/7
  4124 | D:5      | XOM: god gift: smoking dire flail {god gift}
  4180 | D:5      | Got a smoking dire flail {god gift}
  4181 | D:5      | Identified the +6 dire flail of Ucraob {chaos, rN+} (Xom
                  | gifted it to you on level 5 of the Dungeon)
  4200 | D:5      | Reached skill level 7 in Fighting
  4364 | D:5      | XOM: scenery: create altars
  4377 | D:5      | Noticed Ijyb
  4400 | D:5      | Killed Ijyb
  4405 | D:5      | Reached skill level 5 in Armour
  4466 | D:5      | Reached skill level 10 in Maces & Flails
  4508 | D:5      | You fall into a shaft and drop 3 floors!
  4533 | D:8      | HP: 36/74 [orc wizard/magic dart (7)]
  4541 | D:8      | XOM: summons 4 friendly demons
  4547 | D:8      | HP: 31/74 [scorpion (5)]
  4569 | D:8      | XOM: cloud trail
  4663 | D:8      | XOM: scenery: create altars
  4801 | D:8      | Reached skill level 8 in Fighting
  4801 | D:8      | Reached skill level 6 in Armour
  4843 | D:7      | Found a white marble altar of Elyvilon.
  4845 | D:7      | Found an ancient bone altar of Kikubaaqudgha.
  4860 | D:7      | HP: 37/74 [hound (4)]
  4866 | D:7      | HP: 36/74 [crimson imp (1)]
  4884 | D:7      | Reached skill level 11 in Maces & Flails
  4884 | D:7      | Reached XP level 9. HP: 43/81 MP: 8/8
  5156 | D:7      | XOM: god gift: runed dire flail {god gift}
  5271 | D:7      | XOM: 1-stop teleportation journey
  5422 | D:7      | Found a stormy altar of Qazlal.
  5577 | D:7      | XOM: give mutations
  5577 | D:7      | Gained mutation: You have sharp fingernails. [Xom's grace]
  5577 | D:7      | Gained mutation: You have a pair of large horns on your
                  | head. [Xom's grace]
  5577 | D:7      | Gained mutation: You are partially covered in molten
                  | scales. (AC +2) [Xom's grace]
  5577 | D:7      | Gained mutation: You have sharp toenails. [Xom's grace]
  5647 | D:7      | XOM: noise
  5802 | D:6      | XOM: scenery: create altars
  5803 | D:6      | Reached skill level 7 in Armour
  5817 | D:6      | XOM: cleaving
  5823 | D:7      | HP: 39/82 [gnoll sergeant/+2 spear of piercing (5)]
  5848 | D:7      | XOM: give mutations
  5848 | D:7      | Gained mutation: Your spells are a little harder to cast,
                  | but a little more powerful. [Xom's grace]
  5848 | D:7      | Gained mutation: You are partially covered in iridescent
                  | scales. (AC +2) [Xom's grace]
  5848 | D:7      | Gained mutation: Your flesh is heat resistant. (rF+) [Xom's
                  | grace]
  5961 | D:7      | XOM: god gift: 18 gold pieces
  6036 | D:6      | Reached skill level 9 in Fighting
  6053 | D:6      | XOM: enchant monster (bad)
  6154 | D:6      | Reached skill level 12 in Maces & Flails
  6335 | D:6      | XOM: scenery: create altars
  6585 | D:5      | Found a shimmering altar of Xom.
  6744 | D:5      | Found a staircase to the Ecumenical Temple.
  7032 | D:6      | HP: 40/83 [cloud of flame (7)]
  7367 | D:6      | XOM: confuse monster(s)
  7431 | D:6      | Found a deep blue altar of Sif Muna.
  7693 | D:7      | XOM: cloud trail
  7893 | D:8      | Found a glowing golden altar of the Shining One.
  7893 | D:8      | XOM: cloud trail
  7988 | D:8      | XOM: medium Conj miscast
  8017 | D:8      | Found Kudynin's Serpentskin Sales.
  8023 | D:8      | Reached skill level 8 in Armour
  8029 | D:8      | Reached XP level 10. HP: 69/91 MP: 9/9
  8037 | D:8      | Bought a +2 cloak of poison resistance for 277 gold pieces
  8098 | D:8      | Found a staircase to the Lair.
  8293 | D:8      | Reached skill level 13 in Maces & Flails
  8297 | D:8      | XOM: fog
  8305 | D:8      | Reached skill level 10 in Fighting
  8551 | D:8      | XOM: scenery: create altars
  8590 | D:8      | Found Gironeh's Antique Weapon Shoppe.
  8614 | D:8      | Found a basalt altar of Yredelemnul.
  8764 | D:9      | Found a transporter.
  8802 | D:9      | XOM: fog
  8930 | D:9      | XOM: cloud trail
  9078 | D:9      | Noticed a two-headed ogre
  9087 | D:9      | HP: 40/93 [two-headed ogre/+0 giant spiked club (10)]
  9088 | D:9      | XOM: divination: detect items
  9089 | D:9      | Killed a two-headed ogre
  9089 | D:9      | Reached skill level 9 in Armour
  9353 | D:9      | XOM: summons 1 hostile shadow creature
  9486 | D:9      | Found a transporter.
  9489 | D:9      | Reached skill level 14 in Maces & Flails
  9495 | D:9      | Noticed a glowing orange brain
  9513 | D:9      | XOM: summons 10 friendly demons
  9514 | D:9      | Reached skill level 2 in Dodging
  9543 | D:9      | Found a glowing silver altar of Zin.
  9703 | D:10     | Entered Level 10 of the Dungeon
  9778 | D:10     | XOM: 2-stop teleportation journey
  9831 | D:10     | XOM: medium Summ miscast
  9868 | D:11     | XOM: summons 1 hostile shadow creature
  9871 | D:10     | XOM: repel stairs
  9976 | D:10     | Reached XP level 11. HP: 89/101 MP: 10/10
 10241 | D:10     | Reached skill level 11 in Fighting
 10366 | D:10     | XOM: give mutations
 10366 | D:10     | Lost mutation: You have sharp toenails. [Xom's mischief]
 10366 | D:10     | Gained mutation: You are frail. (-10% HP) [Xom's mischief]
 10366 | D:10     | Gained mutation: Your body sometimes deteriorates upon
                  | taking damage. [Xom's mischief]
 10379 | D:11     | Killed an unseen horror
 10379 | D:11     | Reached skill level 3 in Dodging
 10418 | D:10     | XOM: mild Tloc miscast
 10491 | Lair:1   | Entered Level 1 of the Lair of Beasts
 10507 | Lair:1   | XOM: chaos cloud
 10508 | Lair:1   | XOM: mild Chrm miscast
 10520 | Lair:1   | Reached skill level 10 in Armour
 10578 | Lair:1   | XOM: divination: detect items
 10686 | Lair:1   | Reached skill level 4 in Dodging
 10722 | Lair:1   | XOM: mild Pois miscast
 10733 | Lair:1   | XOM: enchant monster (good)
 10740 | Lair:1   | HP: 32/91 [spiny frog (15)]
 10745 | Lair:1   | XOM: polymorph spiny frog -> salamander
 10746 | Lair:1   | HP: 20/91 [spiny frog (1)]
 10750 | Lair:1   | XOM: cleaving
 10751 | Lair:1   | HP: 36/91 [poisoned by a spiny frog]
 10756 | Lair:1   | HP: 23/91 [poisoned by a spiny frog]
 10762 | Lair:1   | HP: 19/91 [poisoned by a spiny frog]
 10768 | Lair:1   | HP: 18/91 [poisoned by a spiny frog]
 10774 | Lair:1   | HP: 17/91 [poisoned by a spiny frog]
 10782 | Lair:1   | HP: 17/91 [poisoned by a spiny frog]
 11055 | Lair:1   | XOM: noise
 11724 | Lair:2   | XOM: silly message
 11937 | Lair:2   | Reached skill level 5 in Dodging
 12135 | Lair:2   | Noticed a death yak
 12135 | Lair:2   | Noticed a death yak
 12136 | Lair:2   | XOM: potion effect (haste)
 12136 | Lair:2   | Noticed a death yak
 12137 | Lair:2   | Noticed a death yak
 12137 | Lair:2   | Noticed a death yak
 12147 | Lair:2   | XOM: scenery: create altars
 12160 | Lair:2   | Killed a death yak
 12171 | Lair:2   | Killed a death yak
 12171 | Lair:2   | Reached skill level 12 in Fighting
 12171 | Lair:2   | Reached skill level 15 in Maces & Flails
 12171 | Lair:2   | Reached skill level 11 in Armour
 12181 | Lair:2   | Killed a death yak
 12181 | Lair:2   | XOM: scenery: create altars
 12187 | Lair:2   | Killed a death yak
 12187 | Lair:2   | Reached skill level 6 in Dodging
 12191 | Lair:2   | Killed a death yak
 12191 | Lair:2   | Reached XP level 12. HP: 80/100 MP: 11/11
 12614 | Lair:2   | XOM: scenery: create altars
 12765 | Lair:2   | XOM: god gift: 46 gold pieces
 12792 | Lair:3   | Noticed a six-headed hydra
 12818 | Lair:3   | Reached skill level 7 in Dodging
 13078 | Lair:3   | XOM: give mutations
 13078 | Lair:3   | Gained mutation: You are weak. (Str -2) [Xom's mischief]
 13078 | Lair:3   | Lost mutation: You are weak. (Str -2) [Xom's mischief]
 13078 | Lair:3   | Gained mutation: You evolve. [Xom's mischief]
 13170 | Lair:3   | XOM: cast spell 'Summon Hydra'
 13186 | Lair:3   | Reached skill level 12 in Armour
 13294 | Lair:3   | HP: 47/101 [electric eel/bolt of electricity (9)]
 13353 | Lair:3   | XOM: scenery: 1 doors open, 1 doors close
 13591 | Lair:3   | XOM: enchant monster (bad)
 13595 | Lair:3   | XOM: silly message
 13605 | Lair:3   | XOM: harmless Conj miscast
 13608 | Lair:3   | XOM: fake destruction
 13611 | Lair:3   | Reached skill level 13 in Fighting
 13646 | Lair:3   | Noticed a death yak
 13646 | Lair:3   | Noticed a death yak
 13647 | Lair:3   | Noticed a death yak
 13647 | Lair:3   | Noticed a death yak
 13647 | Lair:3   | Noticed a death yak
 13648 | Lair:3   | Noticed a death yak
 13649 | Lair:3   | XOM: divination: detect creatures
 13650 | Lair:3   | XOM: destruction
 13668 | Lair:3   | XOM: confuse monster(s)
 13671 | Lair:3   | Killed a death yak
 13679 | Lair:3   | Killed a death yak
 13680 | Lair:3   | HP: 51/103 [death yak (3)]
 13684 | Lair:3   | XOM: scenery: 2 doors open
 13688 | Lair:3   | HP: 41/103 [death yak (3)]
 13689 | Lair:3   | Killed a death yak
 13689 | Lair:3   | Reached skill level 8 in Dodging
 13696 | Lair:3   | Killed a death yak
 13698 | Lair:3   | XOM: harmless Hex miscast
 13704 | Lair:3   | Killed a death yak
 13706 | Lair:3   | Killed a death yak
 13706 | Lair:3   | Reached skill level 16 in Maces & Flails
 13879 | Lair:3   | XOM: medium Tmut miscast
 13997 | Lair:3   | HP: 49/103 [something (27)]
 13999 | Lair:3   | HP: 13/103 [something (16)]
 14000 | Lair:3   | Slain by a death yak

Vanquished Creatures
  A two-headed ogre (D:9)
  11 death yaks
  An unseen horror (D:11)
  A salamander (Lair:1)
  2 elephants (Lair:3)
  A centaur zombie (D:10)
  A guardian serpent (Lair:3)
  3 komodo dragons
  7 spiny frogs
  A polar bear (Lair:2)
  3 hornets (D:8)
  A dream sheep (D:5)
  5 hippogriffs
  16 yaks
  A basilisk (Lair:1)
  A fire bat (D:5)
  Menkaure (D:4)
  A spatial vortex (D:10)
  A soldier ant (D:8)
  6 water moccasins
  4 porcupines
  6 orc warriors
  A black bear (D:7)
  5 ice beasts
  9 wolves
  6 ogres
  2 phantoms
  5 centaurs
  2 crocodiles
  Blork the orc (D:4)
  8 bullfrogs
  A gnoll sergeant (D:7)
  7 scorpions
  4 killer bees (D:10)
  5 wights (D:7)
  5 electric eels (Lair:3)
  4 howler monkeys
  8 crimson imps
  2 bullfrog zombies
  3 hounds
  2 centaur skeletons
  2 jellies
  16 orc priests
  13 orc wizards
  An iguana (D:9)
  Ijyb (D:5)
  9 worker ants
  A hound zombie (D:8)
  19 adders
  10 gnolls
  2 oozes
  3 adder skeletons
  An adder zombie (D:6)
  5 worms
  3 dart slugs
  6 leopard geckos
  53 orcs
  6 giant cockroaches
  2 gnoll zombies (D:8)
  6 goblins
  7 hobgoblins
  16 jackals
  8 kobolds
  5 quokkas
  2 ball pythons
  9 bats
  6 frilled lizards
  A quokka skeleton (D:8)
  9 rats
377 creatures vanquished.

Vanquished Creatures (collateral kills)
  2 elephants (Lair:3)
  An orc wizard (D:8)
3 creatures vanquished.

Vanquished Creatures (others)
  4 dream sheep (D:5)
  3 fungi
  2 plants
9 creatures vanquished.

Grand Total: 389 creatures vanquished

Table legend:
 A = Turns spent in this place as a percentage of turns spent in the entire game.
 B = Non-inter-level travel turns spent in this place as a percentage of non-inter-level travel turns spent in the entire game.
 C = Inter-level travel turns spent in this place as a percentage of turns spent in this place.
 D = Turns resting spent in this place as a percentage of non-inter-level travel turns spent in this place.
 E = Turns spent auto-exploring this place as a percentage of non-inter-level travel turns spent in this place.
 F = Non-inter-level travel turns spent in this place divided by the number of levels of this place that you've seen.
                   A       B       C       D       E      F
               +-------+-------+-------+-------+-------+----------------------
         Total | 100.0 | 100.0 |   4.6 |  28.3 |  54.7 | 953.6
       Dungeon |  74.9 |  74.3 |   5.5 |  24.2 |  58.3 | 901.2
          Lair |  25.1 |  25.7 |   2.1 |  40.2 |  44.5 | 1145.7
               +-------+-------+-------+-------+-------+----------------------
